 Dungeon Crawl Stone Soup version 0.24-a0-170-gd8427f5 (webtiles) character file.

Game seed: 6525638595924966465

556 Borgoz the Cutter (level 7, -5/43 HPs)
             Began as a Gargoyle Gladiator on Mar 8, 2019.
             Slain by a two-headed ogre
             ... wielding a cursed +0 giant club
              (21 damage)
             ... on level 4 of the Dungeon.
             The game lasted 00:04:26 (2687 turns).

Borgoz the Cutter (Gargoyle Gladiator)              Turns: 2687, Time: 00:04:26

Health: -5/43      AC: 14    Str: 17    XL:     7   Next: 30%
Magic:  7/7        EV: 12    Int: 10    God:
Gold:   70         SH:  0    Dex: 12    Spells: 6/6 levels left

rFire    . . .     SeeInvis +   a - +0 rapier
rCold    . . .     Gourm    .   (no shield)
rNeg     + . .     Faith    .   n - +0 ring mail
rPois    ∞         Spirit   .   c - +0 helmet
rElec    +         Reflect  .   (no cloak)
rCorr    .         Harm     .   g - +0 pair of gloves
MR       .....                  (no boots)
Stlth    +.........             (no amulet)
HPRegen  0.14/turn              b - +2 ring of protection
MPRegen  0.10/turn              o - ring of see invisible

@: studying Unarmed Combat
A: negative energy resistance 1, electricity resistance, unbreathing,
petrification resistance, rot immunity, AC +4
a: no special abilities


You were on level 4 of the Dungeon.
You were not hungry.

You visited 1 branch of the dungeon, and saw 4 of its levels.

You collected 70 gold pieces.

Inventory:

Hand Weapons
 a - a +0 rapier (weapon)
 x - a +1 dagger of draining
Missiles
 d - 4 throwing nets (quivered)
Armour
 c - a +0 helmet (worn)
 g - a +0 pair of gloves (worn)
 n - a +0 ring mail (worn)
Jewellery
 b - a +2 ring of protection (left hand)
 o - a ring of see invisible (right hand)
Wands
 p - a wand of random effects (23)
 q - a wand of clouds (4)
 t - a wand of scattershot (4)
 u - a wand of iceblast (6)
Scrolls
 e - a scroll of blinking {unknown}
 h - a scroll of fog
 i - 2 scrolls of magic mapping {unknown}
 k - a scroll of enchant weapon {unknown}
 v - a scroll of amnesia {unknown}
 w - a scroll of identify
Potions
 j - a potion of resistance {unknown}
 m - a potion of curing
Books
 r - a manual of Unarmed Combat
Comestibles
 f - 4 rations


   Skills:
 + Level 4.0 Fighting
 * Level 4.8 Short Blades
 - Level 1.7 Throwing
 + Level 3.0 Armour
 * Level 4.3 Dodging


You had 6 spell levels left.
You didn't know any spells.
Your spell library was empty.

Dungeon Overview and Level Annotations

Branches:
Dungeon (4/15)
 Temple: D:4-7

Altars:
Fedhas
Kikubaaqudgha
Trog


Innate Abilities, Weirdness & Mutations

You are resistant to torment.
Your stone body is resilient. (AC +4)
You are immune to poison.
You resist negative energy. (rN+)
You are resistant to electric shocks. (rElec)
You can survive without breathing.
You are immune to petrification.
You are immune to rotting.


Message History

The two-headed ogre is lightly wounded.
You feel less invigorated.
You feel less confused. The two-headed ogre misses you.
The two-headed ogre hits you with a +0 giant club.
You puncture the two-headed ogre!
The two-headed ogre is lightly wounded.
The two-headed ogre barely misses you.
The two-headed ogre hits you with a +0 giant club!
You hit the two-headed ogre.
The two-headed ogre is moderately wounded.
You hit the two-headed ogre.
The two-headed ogre is moderately wounded.
The two-headed ogre hits you with a cursed +0 giant club!
The two-headed ogre closely misses you.
You hit the two-headed ogre.
The two-headed ogre is heavily wounded.
The two-headed ogre barely misses you.
The two-headed ogre hits you with a +0 giant club!!
You die...

##...####.### ## ...
..#......... .. ....
#........##.# ####....
#...##..#...# ........
##...##.#.##..## .#......
#..<....##.###.†#...##...
#...##....#..###†#.......
....#####..##..##O#.#
#...# ##......@...# ##..#
###.#####...# #..# #...
....... .... ## # ...####
#... ####


You could see a two-headed ogre.

Vanquished Creatures
  Grinder (D:3)
  A sky beast (D:4)
  A bullfrog skeleton (D:4)
  An orc wizard (D:3)
  A centaur skeleton (D:4)
  Terence (D:2)
  Ijyb (D:3)
  3 adders
  3 oozes
  A worm (D:2)
  2 leopard geckos
  3 orcs (D:3)
  A ball python (D:3)
  10 bats
  4 giant cockroaches
  11 goblins
  6 hobgoblins
  6 kobolds
  5 frilled lizards
  15 rats
77 creatures vanquished.

Vanquished Creatures (others)
  An orc wizard (D:3)
1 creature vanquished.

Grand Total: 78 creatures vanquished

Notes
Turn   | Place    | Note
-------+----------+-------------------------------------------
     0 | D:1      | Borgoz the Gargoyle Gladiator began the quest for the Orb.
     0 | D:1      | Reached XP level 1. HP: 12/12 MP: 1/1
   120 | D:1      | Reached XP level 2. HP: 18/18 MP: 2/2
   585 | D:1      | Reached XP level 3. HP: 22/22 MP: 3/3
   657 | D:1      | Reached skill level 1 in Armour
  1230 | D:2      | Noticed Terence
  1252 | D:2      | Killed Terence
  1252 | D:2      | Reached XP level 4. HP: 27/27 MP: 4/4
  1594 | D:2      | Found a faded altar of an unknown god.
  1913 | D:3      | Found an ancient bone altar of Kikubaaqudgha.
  1914 | D:3      | Found a blossoming altar of Fedhas.
  2041 | D:3      | Noticed Ijyb
  2065 | D:3      | Killed Ijyb
  2065 | D:3      | Reached XP level 5. HP: 23/32 MP: 5/5
  2170 | D:3      | Noticed a moth of wrath
  2172 | D:3      | Found a bloodstained altar of Trog.
  2282 | D:3      | Noticed Grinder
  2311 | D:3      | Paralysed by Grinder for 2 turns
  2319 | D:3      | Paralysed by Grinder for 6 turns
  2334 | D:3      | Killed Grinder
  2334 | D:3      | Reached XP level 6. HP: 10/38 MP: 6/6
  2649 | D:4      | Reached XP level 7. HP: 41/42 MP: 7/7
  2656 | D:4      | Noticed a two-headed ogre
  2687 | D:4      | Slain by a two-headed ogre

Levels and vault maps discovered:
D:1:      dpeg_arrival_yet_another_circle, layout_basic, minmay_misc_feat_room
D:2:      layout_basic, chequers_ecumenical_altar_twisty, serial_corexii_hall,
          chequers_hall_statues_y, corexii_hall_statues_i,
          chequers_hall_statues_wall_a, minmay_quadrilaterals, uniq_terence
D:3:      layout_basic, grunt_temple_overflow_growth_and_decay, tgw_trog,
          first_ration, hangedman_abyss_or_decor_stabs, kennysheep_path_1,
          uniq_ijyb, uniq_grinder
D:4:      layout_loops_ring, grunt_temple_overflow_lords_of_destruction,
          chequers_serial_rivers_small_a, minmay_manual_mess

Skill      XL: |  1  2  3  4  5  6  7 |
---------------+----------------------+-----
Short Blades   | 3 4 |  4.8
Armour         | 1 2 3 |  3.0
Dodging        | 3 4 |  4.3
Fighting       | 3 4 |  4.0
Throwing       | |  1.7

Action                   |  1- 3 |  4- 6 |  7- 9 || total
-------------------------+-------+-------+-------++-------
Melee: Rapier            |   140 |   169 |    27 ||   336
       Dagger            |       |     1 |       ||     1
  Use: Scroll            |     4 |       |       ||     4
       Potion            |       |     2 |     1 ||     3
  Eat: Chunk             |     1 |     5 |       ||     6
Armor: Leather armour    |    49 |       |       ||    49
       Ring mail         |     8 |   119 |    10 ||   137
Dodge: Dodged            |    76 |   108 |    20 ||   204

Table legend:
 A = Non-vault XP
 B = Vault XP
 C = Vault XP percentage of total XP
 D = Non-vault monster count
 E = Vault monster count
 F = Vault count percentage of total count
                 A         B        C        D         E       F
            +---------+---------+-------+---------+---------+-------
      Total |     249 |     546 |  68.7 |      63 |      15 |  19.2
            +---------+---------+-------+---------+---------+-------
        D:1 |      49 |       0 |   0.0 |      27 |       0 |   0.0
        D:2 |      24 |      52 |  68.4 |       7 |       6 |  46.2
        D:3 |     118 |     326 |  73.4 |      25 |       7 |  21.9
        D:4 |      58 |     168 |  74.3 |       4 |       2 |  33.3
            +---------+---------+-------+---------+---------+-------
